Map: Cactus Valley LE (Void)

Players

Untitled - Winner!

  • Race: Zerg Zerg
  • League: Grandmaster
  • Spawn Location: 1:00

Railgan

  • Race: Zerg Zerg
  • League: Grandmaster
  • Spawn Location: 11:00

VOD

Have the link to the VOD?

Description

Time

  • Played on: March 23, 2017, 8:49 p.m.
  • Length: 6:16
Show
View Real Time Build Order
Export as new Build Order

Untitled Zerg - Winner!

Build Orders: Hatch First 

Get SALT Encoding   

  12  0:01  Drone  
  13  0:12  Overlord  
  13  0:17  Drone  
  14  0:31  Drone x2  
  14  0:35  Drone  
  17  0:53  Hatchery  
  17  0:55  Drone  
  17  1:00  Drone  
  18  1:06  Extractor  
  17  1:14  Spawning Pool  
  17  1:17  Drone  
  17  1:20  Drone  
  18  1:29  Drone  
  19  1:42  Overlord  
  19  1:52  Drone  
  20  2:02  Queen  
  20  2:03  Drone  
  20  2:05  Queen  
  20  2:07  Metabolic Boost  
  25  2:10  Drone  
  26  2:19  Zergling x2  
  26  2:20  Zergling x2  
  28  2:29  Zergling x2  
  29  2:34  Hatchery  
  28  2:41  Drone  
  28  2:44  Drone  
  30  2:52  Overlord  
  30  2:57  Baneling Nest  
  29  3:00  Drone x3  
  31  3:15  Drone  
  31  3:16  Drone  
  31  3:17  Zergling x10  
  38  3:20  Zergling x2  
  38  3:24  Overlord  
  39  3:32  Zergling x2  
  40  3:41  Baneling x4  
  40  3:46  Zergling x14  
  47  3:54  Queen  
  48  4:04  Drone  
  48  4:05  Drone x5  
  48  4:09  Zergling x4  
  56  4:12  Zergling x2  
  55  4:35  Drone x5  
  55  4:38  Roach Warren  
  57  4:40  Baneling x3  
  53  4:47  Drone  
  53  4:48  Drone x2  
  56  4:53  Drone  
  56  4:54  Drone  
  56  4:55  Extractor  
  56  4:56  Extractor  
  56  4:58  Overlord x2  
  56  4:59  Overlord x2  
  50  5:07  Lair  
  50  5:09  Spine Crawler  
  48  5:20  Roach x4  
  56  5:23  Drone x2  
  56  5:24  Drone  
  56  5:26  Roach x2  
  63  5:29  Spine Crawler  
  63  5:30  Zergling x4  
  63  5:32  Roach  
  66  5:45  Roach x5  
  74  5:52  Overlord  
  74  5:53  Roach  
  74  5:54  Roach  
  76  6:15  Ravager  
Show
View Real Time Build Order
Export as new Build Order

Railgan Zerg 

Build Orders: Hatch First 

Get SALT Encoding   

  12  0:01  Drone  
  13  0:12  Overlord  
  13  0:18  Drone  
  14  0:31  Drone x2  
  14  0:35  Drone  
  17  0:45  Drone  
  18  0:55  Hatchery  
  17  0:58  Drone  
  17  1:00  Extractor  
  17  1:14  Spawning Pool  
  17  1:17  Drone  
  17  1:19  Drone  
  18  1:28  Drone  
  19  1:39  Overlord  
  19  1:52  Drone  
  20  2:00  Queen  
  22  2:01  Zergling x2  
  22  2:08  Queen  
  25  2:09  Drone  
  25  2:15  Drone, Metabolic Boost  
  27  2:22  Drone x2  
  29  2:36  Drone, Baneling Nest  
  29  2:40  Zergling x2  
  30  2:48  Overlord, Zergling x2  
  31  2:54  Hatchery  
  31  2:58  Zergling x2  
  31  3:00  Drone  
  31  3:02  Zergling x2  
  33  3:07  Drone  
  33  3:08  Drone  
  33  3:10  Zergling x2  
  36  3:16  Zergling x4  
  36  3:19  Drone  
  39  3:23  Overlord  
  39  3:24  Drone  
  40  3:30  Baneling  
  40  3:31  Drone  
  40  3:32  Drone  
  42  3:36  Drone  
  42  3:42  Zergling x2  
  42  3:43  Roach Warren  
  40  3:52  Drone  
  41  3:56  Drone x2  
  41  3:58  Zergling x2  
  43  4:03  Zergling x2  
  43  4:04  Baneling x2  
  43  4:05  Zergling x6  
  43  4:06  Lair  
  47  4:10  Zergling x2  
  47  4:15  Zergling x2  
  49  4:23  Baneling  
  43  4:33  Zergling x2  
  43  4:34  Roach x2  
  43  4:35  Roach x3  
  43  4:37  Drone  
  53  4:38  Extractor  
  53  4:39  Overlord x2  
  51  4:46  Zergling x2  
  51  4:49  Overlord  
  51  4:50  Zergling x2  
  51  4:51  Zergling x2  
  51  4:54  Zergling x2  
  51  4:56  Queen  
  51  4:58  Zergling x2  
  54  5:00  Zergling x2  
  54  5:03  Zergling x2  
  54  5:06  Drone x2  
  55  5:08  Queen  
  55  5:12  Zergling x4  
  59  5:20  Overlord  
  59  5:22  Roach  
  59  5:23  Zergling x2  
  59  5:24  Zergling x2  
  63  5:33  Baneling  
  63  5:36  Roach  
  64  5:43  Roach  
  64  5:45  Baneling  
  64  5:46  Zergling x4  
  67  5:56  Roach x2  
Tags
 
Add a new tag
Caveats
  • Supply blocks, unpowered buildings, or Contaminate may cause inaccurate times.
  • Supply counts are checked every 10 seconds.